 Dungeon Crawl Stone Soup version 0.18-a0-1-gfac8111 (webtiles) character file.

2042 mrath the Digger (level 9, -9/50 HPs)
             Began as a Gargoyle Earth Elementalist on Oct 30, 2015.
             Killed by nerve-wracking pain
             ... invoked by an orc priest
              (12 damage)
             ... on level 5 of the Dungeon on Oct 31, 2015.
             The game lasted 01:28:08 (7848 turns).

mrath the Digger (Gargoyle Earth Elementalist)      Turns: 7848, Time: 01:28:09

Health: -9/50      AC:  9    Str: 13    XL:     9   Next: 24%
Magic:  18/19      EV: 12    Int: 18    God:
Gold:   297        SH:  0    Dex: 10    Spells: 4 memorised, 11 levels left

rFire  . . .     SeeInvis .     D - +1 mace (crush)
rCold  . . .     Clarity  .     b - +0 robe
rNeg   + . .     SustAt   .     (no shield)
rPois  ∞         Gourm    .     (no helmet)
rElec  +         Spirit   .     s - +1 cloak
rCorr  .         Warding  .     (no gloves)
rMut   .         Stasis   .     (no boots)
MR     .....                    (no amulet)
Stlth  ++........               (no ring)
                                (no ring)

@: not resistant to hostile enchantments, unstealthy
A: negative energy resistance 1, electricity resistance, unbreathing,
petrification resistance, rot immunity, AC +5
a: no special abilities


You were on level 5 of the Dungeon.
You were not hungry.

You visited 1 branch of the dungeon, and saw 5 of its levels.

You collected 297 gold pieces.

Inventory:

Hand Weapons
 j - a +0 shortbow
 l - a +0 trident
 u - a +0 flail
 D - a +1 mace of crushing (weapon)
 H - a +0 whip
 K - a +2 dagger of venom
 N - a +0 hunting sling
 Q - a +0 hand axe of flaming
 S - a +0 morningstar
 V - a +0 blowgun
Missiles
 a - 193 stones
 f - 54 poisoned needles
 k - 22 arrows
 z - 6 poisoned sling bullets
 F - 20 sling bullets
 I - a javelin (quivered)
 L - 2 sling bullets of flame
Armour
 b - a +0 robe (worn)
 m - a +0 cloak of invisibility
 s - a +1 cloak (worn)
 M - a +0 leather armour
Jewellery
 n - an uncursed amulet of clarity {unknown}
 q - a +3 ring of dexterity {unknown}
 y - an uncursed ring of see invisible {unknown}
Scrolls
 g - a scroll of blinking {unknown}
 h - 2 scrolls of remove curse {unknown}
 i - 2 scrolls of amnesia {unknown}
 x - 2 scrolls of identify {unknown}
 B - 3 scrolls of teleportation {unknown}
 C - 3 scrolls of enchant armour {unknown}
 E - 3 scrolls of magic mapping {unknown}
 G - 2 scrolls of fear {unknown}
 P - a scroll of fog {unknown}
Potions
 e - 2 potions of resistance {unknown}
 p - a potion of lignification {unknown}
 r - 2 potions of poison {unknown}
 v - a potion of invisibility {unknown}
 w - 2 potions of curing {unknown}
 A - a potion of agility {unknown}
 J - a potion of flight {unknown}
 T - 2 potions of brilliance {unknown}
Books
 c - a book of Geomancy

   Spells                             Type                      Level
   a - Sandblast                      Earth                        1
   b - Stoneskin                      Transmutation/Earth          2
   c - Passwall                       Transmutation/Earth          3
   d - Stone Arrow                    Conjuration/Earth            3
   e - Petrify                        Transmutation/Earth          4
   f - Lee's Rapid Deconstruction     Earth                        5
Comestibles
 d - 8 bread rations
 o - 3 meat rations
 t - 4 fruits
 O - 6 chunks of flesh
 U - a slice of pizza


   Skills:
 + Level 3.1 Fighting
 + Level 2.4 Maces & Flails
 + Level 2.5 Armour
 + Level 2.6 Dodging
 - Level 2.1 Stealth
 * Level 7.2 Spellcasting
 + Level 3.5 Conjurations
 - Level 0.7 Transmutations
 + Level 7.5 Earth Magic
 + Level 2.3 Evocations


You had 11 spell levels left.
You knew the following spells:

 Your Spells              Type           Power        Failure   Level  Hunger
a - Sandblast             Erth           ####..       1%          1    None
b - Stoneskin             Trmt/Erth      ###.....     3%          2    None
c - Stone Arrow           Conj/Erth      ####..       3%          3    #......
d - Lee's Rapid Deconstr  Erth           ####......   17%         5    #####..


Dungeon Overview and Level Annotations

Branches:
Dungeon (5/15)
 Temple: D:4-7

Altars:
Elyvilon
Fedhas
Nemelex Xobeh
Ru


Innate Abilities, Weirdness & Mutations

You are resistant to torment.
Your stone body is resilient (AC +5).
You are immune to poison.
You resist negative energy.
You are resistant to electric shocks.
You can survive without breathing.
You are immune to petrification.
You are immune to rotting.


Message History

* * * LOW HITPOINT WARNING * * *
You hit the orc priest.
The orc priest is moderately wounded.
The orc priest hits you.
* * * LOW HITPOINT WARNING * * *
You sock the orc priest!
The orc priest is severely wounded.
The orc priest hits you but does no damage. x2
You hit the orc priest but do no damage.
The orc priest is severely wounded.
The orc priest hits you but does no damage.
You barely miss the orc priest.
The orc priest is severely wounded.
The orc priest misses you.
You hit the orc priest but do no damage.
The orc priest is severely wounded.
The orc priest barely misses you.
The orc priest mumbles some strange prayers to Beogh against you.
Pain shoots through your body!
You die...

#####..#..........##.#..# #.#
#..#..#####...##.#..#######.#
#..#.............#..........#
#..#..#####.........#######.#
.................)..#######.#
...#...####..###.#..........#
...#...# ##.# #.#.##########
.. #...# #.# #.#.# # #@#
#.#.# # #o# ###.# #
.#####.#####.# #
(.............##########
(.......................
.........###############
(.######## .


You could see an orc priest.

Vanquished Creatures
  The ghost of Rayvis the Skirmisher, a novice DsFi of Dithmenos (D:5)
  An orc warrior (D:4)
  A sky beast (D:5)
  A centaur (D:5)
  An ogre (D:4)
  Blork the orc (D:5)
  3 scorpions
  A water moccasin zombie (D:4)
  The ghost of bart the Chopper, a weakling HOCK of Xom (D:4)
  2 crimson imps
  A giant frog skeleton (D:5)
  6 orc priests
  10 orc wizards
  3 iguanas
  5 worker ants
  2 hound skeletons
  9 adders
  5 gnolls
  An ooze (D:2)
  2 adder skeletons (D:4)
  5 worms
  4 giant geckos
  46 orcs
  A ball python (D:2)
  6 bats
  20 hobgoblins
  2 jackals (D:2)
  6 giant cockroaches
  A giant gecko skeleton (D:4)
  5 giant newts
  18 goblins
  13 kobolds
  13 rats
197 creatures vanquished.

Notes
Turn   | Place    | Note
--------------------------------------------------------------
     0 | D:1      | mrath the Gargoyle Earth Elementalist began the quest for the Orb.
     0 | D:1      | Reached XP level 1. HP: 10/10 MP: 3/3
   232 | D:1      | Reached XP level 2. HP: 15/15 MP: 1/5
   547 | D:1      | Reached skill level 4 in Earth Magic
   770 | D:2      | Reached XP level 3. HP: 19/19 MP: 4/7
  1124 | D:2      | Reached XP level 4. HP: 22/24 MP: 5/9
  1653 | D:2      | Reached XP level 5. HP: 28/28 MP: 7/10
  1723 | D:2      | Reached skill level 5 in Earth Magic
  1978 | D:2      | Found a sparkling altar of Nemelex Xobeh.
  2042 | D:2      | Learned a level 2 spell: Stoneskin
  2046 | D:2      | Learned a level 3 spell: Stone Arrow
  2347 | D:3      | Found a sacrificial altar of Ru.
  2432 | D:3      | Found a blossoming altar of Fedhas.
  2432 | D:3      | Found a white marble altar of Elyvilon.
  3275 | D:4      | Reached XP level 6. HP: 28/32 MP: 3/12
  3644 | D:4      | Noticed an orc warrior
  3687 | D:3      | Reached skill level 5 in Spellcasting
  3981 | D:3      | Learned a level 5 spell: Lee's Rapid Deconstruction
  4270 | D:4      | Reached skill level 1 in Conjurations
  4270 | D:4      | Reached XP level 7. HP: 36/36 MP: 7/15
  4287 | D:4      | Reached skill level 6 in Earth Magic
  4732 | D:4      | Noticed bart's ghost (weakling HOCK)
  4750 | D:4      | Killed an orc warrior
  4988 | D:4      | Paralysed by bart's ghost for 5 turns
  4994 | D:4      | Killed bart's ghost
  5306 | D:4      | Reached skill level 1 in Fighting
  5306 | D:4      | Reached skill level 1 in Maces & Flails
  5306 | D:4      | Reached skill level 1 in Armour
  5306 | D:4      | Reached XP level 8. HP: 28/43 MP: 10/17
  5513 | D:4      | Noticed an ogre
  5521 | D:4      | Killed an ogre
  5995 | D:5      | Entered Level 5 of the Dungeon
  6431 | D:5      | Reached skill level 1 in Evocations
  6741 | D:5      | Reached skill level 7 in Earth Magic
  7362 | D:5      | Noticed Rayvis's ghost (novice DsFi)
  7384 | D:5      | Killed Rayvis's ghost
  7384 | D:5      | Reached XP level 9. HP: 45/50 MP: 5/19
  7734 | D:5      | Noticed Blork the orc
  7741 | D:5      | Killed Blork the orc
  7844 | D:5      | HP: 2/50 [orc priest (3)]
  7848 | D:5      | Killed from afar by an orc priest

Vault maps used:
D:1:      sevenhm_arrival_forest_fort_small_4
D:2:      st_stairs_2, nemelex_dance_club_becter
D:3:      minitemple, nicolae_ru_the_path_less_chosen
D:4:      first_bread
D:5:      corexii_shantytown, grunt_ministairs_2, minmay_tree_intersection,
          uniq_blork_the_orc

Action                   |  1- 3 |  4- 6 |  7- 9 || total
-------------------------+-------+-------+-------++-------
Melee: Short sword       |       |    32 |       ||    32
       Mace              |       |     8 |    87 ||    95
 Fire: Hunting sling     |       |       |    98 ||    98
       Shortbow          |       |       |     9 ||     9
Throw: Javelin           |    15 |    55 |     4 ||    74
       Stone             |       |     1 |     6 ||     7
 Cast: Sandblast         |    38 |   108 |   162 ||   308
       Stoneskin         |       |     7 |    12 ||    19
  Use: Potion            |       |       |     2 ||     2
  Eat: Chunk             |     1 |     7 |     8 ||    16
       Beef jerky        |       |     2 |       ||     2
       Pizza             |       |       |     2 ||     2
